 Dungeon Crawl Stone Soup version 0.30-a0-4-ga7cffc901d (webtiles) character file.

Game seed: 3439914053900496469

2421 siradein the Trooper (level 9, -1/72 HPs)
             Began as a Demonspawn Fighter on Aug 20, 2022.
             Slain by a kobold
             ... wielding a +0 whip
              (5 damage)
             ... on level 5 of the Dungeon.
             The game lasted 00:13:46 (8038 turns).

siradein the Trooper (Demonspawn Fighter)           Turns: 8038, Time: 00:13:47

Health: -1/72      AC: 10    Str: 22    XL:     9   Next: 24%
Magic:  9/9        EV:  9    Int: 23    God:
Gold:   358        SH:  5    Dex: 12    Spells: 8/8 levels left

rFire   . . .      SeeInvis .    a - +0 flail
rCold   . . .      Faith    .    c - +0 buckler
rNeg    . . .      Spirit   .    b - +0 scale mail
rPois   .          Reflect  .    (helmet restricted)
rElec   .          Harm     .    r - +1 cloak
rCorr   .          Rampage  .    (no gloves)
Will    .....                    (no boots)
Stlth   ..........               (no amulet)
HPRegen 0.22/turn                t - +6 ring of strength
MPRegen 0.11/turn                q - +6 ring of intelligence

@: no status effects
A: horns 1, demonic guardian 1, powered by pain 1, big brain 1
a: no special abilities


You were on level 5 of the Dungeon.
You visited 1 branch of the dungeon, and saw 6 of its levels.
You also visited: Sewer.

You collected 358 gold pieces.

Inventory:

Hand Weapons
 a - a +0 flail (weapon)
Armour
 b - a +0 scale mail (worn)
 c - a +0 buckler (worn)
 r - a +1 cloak (worn)
Jewellery
 e - a ring of flight
 q - a +6 ring of intelligence (right hand)
 t - a +6 ring of strength (left hand)
Wands
 B - a wand of iceblast (7)
 F - a wand of flame (21)
Scrolls
 j - 2 scrolls of torment
 k - a scroll of summoning {unknown}
 m - a scroll of poison {unknown}
 o - 2 scrolls of vulnerability {unknown}
 p - 5 scrolls of noise {unknown}
 u - 2 scrolls of teleportation {unknown}
 v - 3 scrolls of brand weapon {unknown}
 y - 2 scrolls of silence {unknown}
 z - a scroll of enchant weapon
 D - a scroll of enchant armour {unknown}
 E - a scroll of identify
Potions
 d - 2 potions of might
 f - 2 potions of invisibility
 g - a potion of curing
 h - a potion of mutation {unknown}
 i - a potion of lignification
 l - 3 potions of haste
 n - 5 potions of heal wounds
 w - a potion of attraction {unknown}
 x - a potion of flight {unknown}
 A - a potion of magic {unknown}
 C - a potion of experience {unknown}


   Skills:
 + Level 7.6 Fighting
 + Level 6.5 Maces & Flails
 + Level 6.9 Armour
 - Level 4.0 Shields


You had 8 spell levels left.
You didn't know any spells.
Your spell library contained the following spells:

 Spells                   Type           Power      Damage    Failure   Level
 Summon Small Mammal      Summ           0%         N/A       43%         1
 Static Discharge         Conj/Air       0%         3-3/arc   58%         2
 Call Canine Familiar     Summ           0%         N/A       82%         3
 Summon Guardian Golem    Hex/Summ       0%         N/A       82%         3
 Lightning Bolt           Conj/Air       0%         1d11      100%        5
 Maxwell's Capacitive Co  Air            0%         ∞         100%        8


Dungeon Overview and Level Annotations

Branches:
Dungeon (6/15)              Sewer (visited)
 Temple: D:4-7

Altars:
Hepliaklqana

Shops:
D:5 :


Innate Abilities, Weirdness & Mutations

You have a pair of small horns on your head.
A weak demonic guardian rushes to your aid.
You sometimes gain a little power by taking damage.
You have an unusually large brain. (Int +2)


Message History

The poisoned dart hits you!
You are poisoned.
You feel very sick.
You feel sick.
You feel sick.
You feel better.
The kobold brigand throws a poisoned dart.
The poisoned dart hits you!
You are poisoned.
You feel very sick.
You feel sick.
The kobold brigand throws a poisoned dart.
The poisoned dart hits you!
You are more poisoned.
You feel very sick.
You feel very sick.
You feel sick.
You feel sick. You block the kobold brigand's attack.
You are too injured to fight recklessly!
You are too injured to fight recklessly!
You hit the kobold brigand.
The kobold brigand is heavily wounded.
You feel sick.
You sock the kobold!
You kill the kobold!
You feel sick. You block the kobold brigand's attack.
You closely miss the kobold. You headbutt the kobold.
The kobold is severely wounded.
You feel sick. You block the kobold brigand's attack. The kobold misses you.
You closely miss the kobold brigand.
The kobold brigand is heavily wounded.
You feel sick. You block the kobold brigand's attack.
The kobold hits you but does no damage.
You hit the kobold brigand but do no damage.
The kobold brigand is heavily wounded.
You feel sick.
You are no longer poisoned.
The kobold brigand closely misses you. The kobold hits you but does no damage.
The kobold hits you with a +0 whip.
You die...

#### ######### #... #####.......#
#########... #...+.......#
#.......#... #.###.......###
#.......#... #.# #.......+.#
#.......+... #.# #.......#.#
#.......#... ###.###.......#.#
#.......+... #>...........@KK#
#.......#... ####+#.....######K.#
####+#'####'
...........######W.######.#.####.
.........#...........[..KK...)...
................##..#####K#.#####
####'####.......##...# #.#.#
.....# #.......##.#.## #.#.#
#########.......##.#..###.#.##
####............'#.#.#...#.#.####


You could see a kobold brigand, a shadow and 2 kobolds.

Vanquished Creatures
  Pikel (D:5)
  A yak (D:6)
  An ogre (D:4)
  A centaur (D:6)
  3 phantoms
  Blork the orc (D:4)
  2 kobold brigands (Sewer)
  2 necrophages
  2 scorpions
  4 hounds
  A jelly (D:4)
  A gnoll bouda (D:4)
  Natasha (thrice) (D:4)
  6 iguanas
  3 gnolls (D:5)
  10 adders
  12 river rats
  5 worms (D:6)
  2 dart slugs
  9 orcs
  9 ball pythons
  7 endoplasms
  8 goblins
  9 hobgoblins
  4 jackals (D:2)
  2 quokkas
  2 bats
  3 frilled lizards
  19 kobolds
  25 rats
158 creatures vanquished.

Vanquished Creatures (collateral kills)
  A yak (D:6)
  A kobold brigand (Sewer)
  4 kobolds (Sewer)
  3 rats (Sewer)
9 creatures vanquished.

Grand Total: 167 creatures vanquished

Notes
Turn   | Place    | Note
-------+----------+-------------------------------------------
     0 | D:1      | siradein the Demonspawn Fighter began the quest for the
                  | Orb.
     0 | D:1      | Reached XP level 1. HP: 18/18 MP: 1/1
   465 | D:1      | Gained mutation: You sometimes gain a little power by
                  | taking damage. [demonic ancestry]
   465 | D:1      | Reached XP level 2. HP: 23/24 MP: 2/2
   520 | D:1      | Found a faded altar of an unknown god.
  1235 | D:2      | Gained mutation: You have a pair of small horns on your
                  | head. [demonic ancestry]
  1235 | D:2      | Reached XP level 3. HP: 16/29 MP: 3/3
  1919 | D:2      | Found a hazy altar of Hepliaklqana.
  2059 | D:2      | Reached XP level 4. HP: 35/35 MP: 4/4
  2619 | D:4      | Noticed a scorpion
  2625 | D:4      | Killed a scorpion
  2626 | D:4      | Reached XP level 5. HP: 41/42 MP: 5/5
  2766 | D:4      | Noticed Natasha
  2790 | D:4      | Reached skill level 4 in Fighting
  2791 | D:4      | Killed Natasha
  2864 | D:4      | Noticed an ogre
  2873 | D:4      | Killed an ogre
  2874 | D:4      | Gained mutation: A weak demonic guardian rushes to your
                  | aid. [demonic ancestry]
  2874 | D:4      | Reached XP level 6. HP: 33/48 MP: 6/6
  2960 | D:4      | Noticed Natasha
  2968 | D:4      | Killed Natasha
  2990 | D:4      | Noticed Natasha
  2999 | D:4      | Killed Natasha
  3940 | D:4      | Noticed Blork the orc
  3948 | D:4      | Killed Blork the orc
  3949 | D:4      | Reached XP level 7. HP: 35/55 MP: 7/7
  4212 | D:4      | Reached skill level 5 in Fighting
  4431 | D:5      | Entered Level 5 of the Dungeon
  4445 | D:5      | Noticed Pikel
  4478 | D:5      | Killed Pikel
  4479 | D:5      | Reached skill level 5 in Maces & Flails
  4479 | D:5      | Reached skill level 5 in Armour
  4479 | D:5      | Gained mutation: You have an unusually large brain. (Int
                  | +2) [demonic ancestry]
  4479 | D:5      | Reached XP level 8. HP: 28/64 MP: 8/8
  4927 | D:5      | Reached skill level 6 in Fighting
  5456 | D:5      | Found Falu's Vocational Training.
  6326 | D:6      | Found a glowing drain.
  6331 | Sewer    | Entered a sewer
  7092 | Sewer    | Reached skill level 7 in Fighting
  7108 | Sewer    | HP: 2/64 [kobold brigand/+0 dagger (6)]
  7701 | D:6      | Reached XP level 9. HP: 69/72 MP: 9/9
  8038 | D:5      | Slain by a kobold

Illustrated notes

Levels and vault maps discovered:
D:1:      lightli_arrival_statue_moat, layout_basic,
          shapermc_ecumenical_altar_starsandcircs
D:2:      layout_loops_cross, basic_altar, grunt_decor_junction
D:3:      layout_rooms
D:4:      layout_basic, uniq_blork_the_orc, uniq_natasha
D:5:      layout_basic, minmay_temple_entry_from_below_a, nrook_pool_corridor,
          nicolae_shop_vocational, uniq_pikel
D:6:      layout_loops_ring, kennysheep_little_box, lightli_sewer_entry_pipes,
          corexii_leaking_fountain, hangedman_abyss_or_decor_stagger,
          minmay_crystal_room, minivault_10

Skill      XL: |  1  2  3  4  5  6  7  8 |
---------------+-------------------------+-----
Maces & Flails | 2 3 5 6 |  6.5
Armour         | 3 4 5 6 |  6.9
Shields        | 3 4 |  4.0
Fighting       | 4 5 7 |  7.6

Action                   |  1- 3 |  4- 6 |  7- 9 || total
-------------------------+-------+-------+-------++-------
Melee: Flail             |   102 |   126 |   376 ||   604
       Headbutt          |     4 |    21 |    69 ||    94
  Use: Scroll            |       |     6 |     3 ||     9
       Potion            |       |     1 |     3 ||     4
Armor: Scale mail        |    51 |    57 |   201 ||   309
Dodge: Dodged            |    56 |    42 |   210 ||   308
Block: Buckler           |    27 |    22 |   104 ||   153

Table legend: (Time is in decaauts)
 A = Elapsed time spent in this place.
 B = Non-inter-level travel time spent in this place.
 C = Inter-level travel time spent in this place.
 D = Time resting spent in this place.
 E = Time spent auto-exploring this place.
 F = Levels seen in this place.
 G = Mean time per level.
                   A        B        C        D        E       F      G
               +--------+--------+--------+--------+--------+-----+--------+
         Total |   8220 |   8016 |    204 |    251 |   6258 |   7 | 1174.3 |
       Dungeon |   7031 |   6827 |    204 |    251 |   5378 |   6 | 1171.8 |
         Sewer |   1189 |   1189 |      0 |      0 |    880 |   1 | 1189.0 |
               +--------+--------+--------+--------+--------+-----+--------+

Top non-repeatable levels by time:
     D:4: 2040 daAuts
     D:5: 1796 daAuts
   Sewer: 1189 daAuts
     D:1: 1151 daAuts
     D:2: 999 daAuts
     D:6: 571 daAuts
     D:3: 472 daAuts
